 Dungeon Crawl Stone Soup version 0.31-a0-165-g3f4f80340b (webtiles) character file.

Game seed: 16548114215954188706

74 qw the Shooter (level 4, 0/28 HPs)
             Began as a Gargoyle Hunter on June 13, 2023.
             Slain by a water moccasin (2 damage)
             ... on level 2 of the Dungeon.
             The game lasted 00:00:39 (1140 turns).

qw the Shooter (Gargoyle Hunter)                    Turns: 1140, Time: 00:00:39

Health: 0/28       AC:  8    Str: 15    XL:     4   Next: 30%
Magic:  4/4        EV: 16    Int:  9    God:
Gold:   86         SH:  0    Dex: 15    Spells: 3/3 levels left

rFire   . . .        Y - +0 shortbow
rCold   + . .        (shield currently unavailable)
rNeg    + . .        b - +0 ring mail
rPois   inf          (no helmet)
rElec   +            (no cloak)
rCorr   .            (no gloves)
SInv    .            (no boots)
Will    .....        (no amulet)
Stlth   +            j - +5 ring of evasion
HPRegen 0.24/turn    k - ring of protection from cold
MPRegen 0.09/turn

%: no passive effects
@: no status effects
A: sickness immunity, AC +3, negative energy resistance 1, electricity
resistance, torment resistance 1, petrification resistance
a: no special abilities


You were on level 2 of the Dungeon.
You visited 1 branch of the dungeon, and saw 3 of its levels.

You collected 86 gold pieces.


Innate Abilities, Weirdness & Mutations

You are immune to sickness and miasma.
Your stone body is resilient. (AC +3)
You are immune to poison.
You resist negative energy. (rN+)
You are resistant to electric shocks. (rElec)
You are resistant to unholy torment.
You are immune to petrification.


   Skills:
 - Level 3.0 Fighting
 - Level 5.3 Ranged Weapons
 + Level 0.0 Armour
 - Level 1.5 Dodging
 - Level 1.1 Stealth


You had 3 spell levels left.
You didn't know any spells.
Your spell library was empty.

Inventory:

Hand Weapons
 Y - a +0 shortbow (weapon)
Armour
 b - a +0 ring mail (worn)
Jewellery
 j - a +5 ring of evasion (left hand)
 k - a ring of protection from cold (right hand)
Potions
 d - a potion of lignification
 e - a potion of enlightenment {unknown}
 f - a potion of berserk rage {unknown}
 g - a potion of curing
 h - a potion of mutation {unknown}
 l - a potion of haste {unknown}

Dungeon Overview and Level Annotations

Branches:
Dungeon (3/15)

Altars:
Dithmenos

Shops:
D:2 [


Message History

The water moccasin is lightly wounded.
The water moccasin bites you! x2
You shoot an arrow.
The arrow barely misses the water moccasin.
The water moccasin bites you but does no damage.
The water moccasin completely misses you.
You shoot an arrow.
The arrow barely misses the water moccasin.
The water moccasin bites you.
The water moccasin completely misses you.
You shoot an arrow.
The arrow closely misses the water moccasin.
The water moccasin bites you but does no damage.
The water moccasin bites you.
You shoot an arrow. The arrow hits the water moccasin.
The water moccasin is moderately wounded.
The water moccasin bites you but does no damage.
You shoot an arrow. The arrow hits the water moccasin.
The water moccasin is moderately wounded.
The water moccasin bites you. The water moccasin closely misses you.
You shoot an arrow. The arrow hits the water moccasin!
The water moccasin is heavily wounded.
The water moccasin barely misses you.
The water moccasin completely misses you.
You shoot an arrow.
The arrow hits the water moccasin but does no damage.
The water moccasin is heavily wounded.
The water moccasin closely misses you.
You shoot an arrow.
The arrow hits the water moccasin but does no damage.
The water moccasin is heavily wounded.
The water moccasin bites you. The water moccasin barely misses you.
You shoot an arrow.
The arrow barely misses the water moccasin.
The water moccasin barely misses you. The water moccasin closely misses you.
You shoot an arrow.
The arrow hits the water moccasin but does no damage.
The water moccasin is heavily wounded.
The water moccasin bites you. x2
You die...

##..#######.............#####
#####..########<.#.##............
#.....###.......##......#..######
..#####...########(#........#
.....[....##...........###..#
#####ยค..............#....#..##
#############...........)####
###...............
#######@...##.###.#.###.
###.......S..##..##.#.)...
#<..###...######....##....
#...###.### ###........ #.......#
##....... #...##### ###.)...
##### #..... #..... #.....


You could see a water moccasin.

Vanquished Creatures
  2 adders (D:2)
  2 worms (D:2)
  5 endoplasms
  3 giant cockroaches
  7 goblins
  5 hobgoblins (D:1)
  3 jackals (D:1)
  4 ball pythons
  5 bats (D:2)
  4 frilled lizards
  3 kobolds
  3 rats (D:2)
46 creatures vanquished.

Notes
Turn   | Place    | Note
-------+----------+-------------------------------------------
     0 | D:1      | qw the Gargoyle Hunter began the quest for the Orb.
     0 | D:1      | Reached XP level 1. HP: 12/12 MP: 1/1
     0 | D:1      | 0 ||| qw: Version: 0.2-a-29-gc1b59c4
     0 | D:1      | 0 ||| qw: Game counter: 4647
     0 | D:1      | 0 ||| qw: Always use a shield: true
     0 | D:1      | 0 ||| qw: God list: Okawaru
     0 | D:1      | 0 ||| qw: Allow faded altars: false
     0 | D:1      | 0 ||| qw: Do Orc after D:15 true
     0 | D:1      | 0 ||| qw: Do second Lair branch before Depths: true
     0 | D:1      | 0 ||| qw: Lair rune preference: random
     0 | D:1      | 0 ||| qw: Plans: Normal, Zot:1-4, Slime:5, God:TSO, Crypt,
                  | Tomb, Abyss, Pan, Hells, Win
     0 | D:1      | 0 ||| PLANNING D:1-11
    55 | D:1      | 55 ||| FLEEEEING.
    56 | D:1      | 56 ||| FLEEEEING.
    57 | D:1      | 57 ||| FLEEEEING.
    60 | D:1      | 60 ||| FLEEEEING.
    61 | D:1      | 61 ||| FLEEEEING.
    64 | D:1      | 64 ||| FLEEEEING.
    65 | D:1      | 65 ||| FLEEEEING.
    69 | D:1      | 69 ||| FLEEEEING.
    70 | D:1      | 70 ||| FLEEEEING.
    71 | D:1      | 71 ||| FLEEEEING.
   131 | D:1      | Reached XP level 2. HP: 17/17 MP: 2/2
   292 | D:1      | Reached XP level 3. HP: 21/21 MP: 3/3
   462 | D:1      | 462 ||| READING 3 scrolls labelled GIMI GYVIADEYT.
   463 | D:1      | 463 ||| READING scroll labelled XUSCHI PIDAGHA.
   468 | D:1      | 468 ||| READING scroll labelled GOAXZU BOEPP.
   469 | D:1      | 469 ||| DROPPING 2 scrolls of immolation.
   470 | D:1      | 470 ||| DROPPING scroll of butterflies.
   497 | D:2      | Reached skill level 5 in Ranged Weapons
   665 | D:2      | Reached skill level 3 in Fighting
   810 | D:2      | Reached XP level 4. HP: 28/28 MP: 4/4
   853 | D:2      | Found Viestru's Antique Armour Shop.
   863 | D:2      | 863 ||| SHOPLISTING shiny ring mail (154 gold, have 56).
  1010 | D:2      | Found a shadowy altar of Dithmenos.
  1073 | D:2      | 1073 ||| UPGRADING to +0 ring mail.
  1083 | D:2      | 1083 ||| DROPPING +0 leather armour.
  1084 | D:2      | 1084 ||| UPGRADING to +5 ring of evasion.
  1085 | D:2      | 1085 ||| UPGRADING to ring of protection from cold.
  1086 | D:2      | 1086 ||| READING scroll labelled VUILUL TUTINOE.
  1087 | D:2      | 1087 ||| READING scroll labelled YTRUVISSOMEE.
  1088 | D:2      | 1088 ||| DRINKING 2 bubbling clear potions.
  1108 | D:2      | 1108 ||| DRINKING 2 green potions.
  1125 | D:3      | Noticed a water moccasin
  1128 | D:3      | 1128 ||| STAIRDANCE
  1135 | D:2      | HP: 6/28 [water moccasin (5)]
  1140 | D:2      | HP: 2/28 [water moccasin (3)]
  1140 | D:2      | Slain by a water moccasin

Levels and vault maps discovered:
D:1:      dpeg_arrival_lava_temple_mockup, layout_basic,
          minmay_misc_feat_nine_boxes
D:2:      layout_rooms, serial_shops, nicolae_shop_overgrown_old_shop,
          basic_altar, minmay_3d_cube
D:3:      layout_loops_cross, dreamdust_ecumenical_altar_hidden_monk_grotto,
          uniq_crazy_yiuf_cottage

Skill      XL: |  1  2  3 |
---------------+----------+-----
Ranged Weapons | 5 |  5.3
Fighting       | 3 |  3.0
Dodging        | |  1.5
Stealth        | |  1.1

Action                     |  1- 3 |  4- 6 || total
---------------------------+-------+-------++-------
   Fire: Shortbow          |   101 |    40 ||   141
    Use: Scroll            |     3 |     2 ||     5
         Potion            |       |     2 ||     2
 Armour: Leather armour    |    22 |     2 ||    24
         Ring mail         |       |     3 ||     3
  Dodge: Dodged            |    34 |    17 ||    51

Table legend:
 A = Non-vault XP
 B = Vault XP
 C = Vault XP percentage of total XP
 D = Non-vault monster count
 E = Vault monster count
 F = Vault count percentage of total count
                 A         B        C        D         E       F
            +---------+---------+-------+---------+---------+-------
      Total |      98 |       9 |   8.4 |      41 |       5 |  10.9
            +---------+---------+-------+---------+---------+-------
        D:1 |      38 |       0 |   0.0 |      22 |       0 |   0.0
        D:2 |      60 |       9 |  13.0 |      19 |       5 |  20.8
            +---------+---------+-------+---------+---------+-------
